 Dungeon Crawl Stone Soup version 0.31.0-11-ge490571c62 (webtiles) character file.

Game seed: 809874815662407632

84 Gadfly the Insei (level 4, -1/35 HPs)
             Began as a Demonspawn Monk on Jan 31, 2024.
             Slain by Robin
             ... wielding a +1 trident of venom
              (5 damage)
             ... on level 3 of the Dungeon.
             The game lasted 00:03:22 (1394 turns).

Gadfly the Insei (Demonspawn Monk)                  Turns: 1394, Time: 00:03:23

Health: -1/35      AC:  3    Str: 14    XL:     4   Next: 23%
Magic:  4/4        EV: 13    Int: 10    God:
Gold:   61         SH:  0    Dex: 15    Spells: 3/3 levels left

rFire   . . .        b - +0 spear (venom)
rCold   . . .        c - orb {light}
rNeg    . . .        a - +0 robe
rPois   .            e - +0 helmet
rElec   .            (no cloak)
rCorr   .            (no gloves)
SInv    .            (no boots)
Will    .....        (no amulet)
Stlth   +            (no ring)
HPRegen 0.25/turn    (no ring)
MPRegen 0.09/turn

%: no passive effects
@: lethally poisoned (-1 -> -6), glowing
A: spiny 1
a: no special abilities


You were on level 3 of the Dungeon.
You visited 1 branch of the dungeon, and saw 3 of its levels.

You collected 61 gold pieces.

Inventory:

Hand Weapons
 b - a +0 spear of venom (weapon)
Armour
 a - a +0 robe (worn)
 c - an orb of light (worn)
 e - a +0 helmet (worn)
Scrolls
 f - a scroll of acquirement {unknown}
 j - 2 scrolls of teleportation
 l - a scroll of torment {unknown}
Potions
 d - a potion of ambrosia
 g - 2 potions of berserk rage
 h - a potion of haste {unknown}
 i - a potion of curing
 k - a potion of heal wounds {unknown}


   Skills:
 - Level 3.0 Fighting
 + Level 3.0 Dodging
 * Level 3.4 Unarmed Combat
 * Level 1.9 Evocations
 * Level 1.3 Shapeshifting


You had 3 spell levels left.
You didn't know any spells.
Your spell library contained the following spells:

 Spells                   Type           Power      Damage    Failure   Level
 Summon Forest            Summ/Tloc      0%         N/A       100%        5
 Summon Mana Viper        Hex/Summ       0%         N/A       100%        5
 Summon Cactus Giant      Summ           0%         N/A       100%        6


Dungeon Overview and Level Annotations

Branches:
Dungeon (3/15)

Altars:

Annotations:
D:3 Robin


Innate Abilities, Weirdness & Mutations

You are partially covered in sharp spines.


Message History

The goblin is struck by your spines. The goblin hits you with a +0 dagger.
Robin points. "Kill!"
The goblin is struck by your spines. The goblin hits you but does no damage.
The goblin attacks as it pursues you! The goblin hits you with a +0 dagger.
The goblin attacks as it pursues you! The goblin closely misses you.
You are too injured to fight recklessly!
You hit the goblin.
You kill the goblin!
The goblin barely misses you.
You hit the goblin.
You kill the goblin!
The goblin is struck by your spines.
You kill the goblin!
You see here a +0 leather armour.
You are too injured to fight recklessly!
Robin hits you with a +1 trident of venom.
You are poisoned.
You hit Robin but do no damage.
Robin is poisoned.
You feel sick. Robin is struck by your spines.
Robin hits you with a +1 trident of venom.
You are lethally poisoned!
You hit Robin.
Robin is moderately wounded.
* * * LOW HITPOINT WARNING * * *
You feel very sick. Robin is struck by your spines. Robin barely misses you.
You hit Robin but do no damage.
Robin looks even sicker.
Robin is heavily wounded.
* * * LOW HITPOINT WARNING * * *
You feel very sick. Robin is struck by your spines. Robin misses you.
You hit Robin but do no damage.
Robin looks as sick as possible!
Robin is heavily wounded.
* * * LOW HITPOINT WARNING * * *
You feel sick. Robin completely misses you.
* * * LOW HITPOINT WARNING * * *
You feel sick.
Robin hits you from afar with a +1 trident of venom.
You die...
Robin lets out a smug laugh.

#.............#...####.....#
##........#........##.......#
.............................
######............##.###....
###............##.# ....
#.....##.##.#####.# ....
#.....<####.......# ....
#................## ....
....##.....@.g.....# ....
..... #.............# ....
..... #.............#####†...
..... #.............#..)g)...
### #.........[...#....####
#.............#..).....
#....########)).##.....
#....# #...##..... .....
#...#.....#


You could see Robin (extremely poisoned).

Vanquished Creatures
  An adder (D:2)
  3 ribbon worms (D:2)
  5 endoplasms
  5 giant cockroaches
  9 hobgoblins
  5 kobolds
  3 quokkas
  4 ball pythons
  5 bats
  4 frilled lizards
  12 goblins
  4 rats
60 creatures vanquished.

Notes
Turn   | Place    | Note
-------+----------+-------------------------------------------
     0 | D:1      | Gadfly the Demonspawn Monk began the quest for the Orb.
     0 | D:1      | Reached XP level 1. HP: 18/18 MP: 1/1
   131 | D:1      | Gained mutation: You are partially covered in sharp spines.
                  | [demonic ancestry]
   131 | D:1      | Reached XP level 2. HP: 21/24 MP: 2/2
   306 | D:1      | Reached skill level 1 in Evocations
   517 | D:1      | Reached XP level 3. HP: 29/29 MP: 3/3
   760 | D:2      | Reached skill level 1 in Shapeshifting
  1107 | D:2      | Reached XP level 4. HP: 33/35 MP: 4/4
  1368 | D:3      | Noticed Robin
  1394 | D:3      | Slain by Robin

Illustrated notes

Levels and vault maps discovered:
D:1:      scummos_arrival_hexagon, layout_basic, chequers_serial_rivers_micro_b,
          minmay_tree_intersection, serial_bayou_lagoon_b
D:2:      layout_basic, minmay_pentomino_w4
D:3:      layout_basic, uniq_robin

Skill      XL: |  1  2  3 |
---------------+----------+-----
Evocations     | 1 |  1.9
Unarmed Combat | 3 |  3.4
Shapeshifting  | 1 |  1.3
Dodging        | 3 |  3.0
Fighting       | |  3.0

Action                     |  1- 3 |  4- 6 || total
---------------------------+-------+-------++-------
  Melee: Unarmed           |   106 |       ||   106
         Spear             |       |    13 ||    13
    Use: Scroll            |     3 |     5 ||     8
   Stab: Sleeping          |     1 |       ||     1
 Armour: Robe              |    51 |    19 ||    70
  Dodge: Dodged            |    58 |    10 ||    68
